 Dungeon Crawl Stone Soup version 0.25-a0-166-g16436c4 (webtiles) character file.

Game seed: 15511892620136627722, levelgen mode: deterministic

132 analogolas the Chopper (level 4, -2/42 HPs)
             Began as a Deep Dwarf Berserker on Nov 24, 2019.
             Was a Believer of Trog.
             Slain by an ogre
             ... wielding a +0 giant club
              (18 damage)
             ... on level 3 of the Dungeon.
             The game lasted 00:10:58 (2023 turns).

analogolas the Chopper (Deep Dwarf Berserker)       Turns: 2023, Time: 00:10:59

Health: -2/42      AC:  6    Str: 21 (22) XL:     4   Next: 92%
Magic:  4/4        EV: 11    Int:  5 (7)  God:    Trog [**....]
Gold:   66         SH:  0    Dex: 10 (12) Spells: 3/3 levels left

rFire    . . .     SeeInvis .   x - +0 trident
rCold    . . .     Gourm    .   (no shield)
rNeg     . . .     Faith    .   j - +1 ring mail (curse)
rPois    .         Spirit   .   (no helmet)
rElec    .         Reflect  .   (no cloak)
rCorr    .         Harm     .   (no gloves)
MR       .....                  (no boots)
Stlth    +.........             (no amulet)
HPRegen  0.00/turn              (no ring)
MPRegen  0.09/turn              (no ring)

@: non-regenerating
A: damage resistance, heal wounds, sense surroundings 1, no regeneration
a: Heal Wounds, Berserk, Trog's Hand, Renounce Religion


You were on level 3 of the Dungeon.
You worshipped Trog.
Trog was pleased with you.
You were not hungry.

You visited 1 branch of the dungeon, and saw 3 of its levels.

You collected 66 gold pieces.

Inventory:

Hand Weapons
 a - a +0 hand axe
 d - a +0 dagger
 i - a +0 hand axe
 l - a +0 dagger
 m - a +0 dagger
 n - a +0 club
 u - a +0 whip
 v - a +0 hunting sling
 x - a +0 trident (weapon)
Missiles
 e - 18 stones (quivered)
 C - 44 bolts
Armour
 b - a +0 animal skin
 j - a cursed +1 ring mail (worn)
 k - a +0 robe
 q - a cursed +0 leather armour
 r - a +0 robe
 s - a +2 chain mail of magic resistance
 t - a +0 ring mail
 w - a +0 leather armour
 y - a +1 ring mail of magic resistance
 A - a +0 leather armour
Jewellery
 h - a +3 ring of protection {unknown}
Scrolls
 g - 2 scrolls of fog
 o - a scroll of magic mapping
 p - a scroll of random uselessness
 z - a scroll of teleportation
 B - 2 scrolls of remove curse {unknown}
Potions
 f - a potion of flight
 D - a potion of invisibility {unknown}
 E - a potion of might {unknown}
Comestibles
 c - 7 rations


   Skills:
 + Level 3.2 Fighting
 + Level 4.8(4.9) Axes
 + Level 0.6(2.5) Polearms
 + Level 3.1 Armour
 + Level 2.8 Dodging
 + Level 0.2 Stealth


You had 3 spell levels left.
You didn't know any spells.
Your spell library was empty.

Dungeon Overview and Level Annotations

Branches:
Dungeon (3/15)

Altars:
Makhleb
Nemelex Xobeh
Uskayaw
Yredelemnul


Innate Abilities, Weirdness & Mutations

You are resistant to damage.
You can heal yourself by infusing magical energy.
You passively map a small area around you.
You do not regenerate.


Message History

The ogre shouts!
The kobold closely misses you.
Your ring mail prevents you from hitting the kobold.
The kobold closely misses you.
You closely miss the kobold. The kobold closely misses you.
You miss the kobold. The kobold hits you.
The ogre hits you with a +0 giant club!!
The kobold hits you but does no damage.
Found a potion of degeneration.
You barely miss the kobold. The kobold hits you.
You hit the kobold.
The kobold is severely wounded.
The kobold hits you but does no damage.
You puncture the kobold!
You kill the kobold!
Trog accepts your kill.
You hit the ogre.
The ogre is lightly wounded.
The ogre hits you with a +0 giant club!!
You die...

.##### *... , ,, *
.....# #.# * *
.###.# #.# .# #.#
##.## .# #.# #...# *
## #.# #.#.# , , ##
#.# #...# * ,
.###.#######...####
...........((..O@.+
.###########...####,
, ## #..## * #
*,...## * # #.#..# #
#...## * # ##.# #
#!*


You could see an ogre.

Vanquished Creatures
  A hound (D:2)
  Terence (D:2)
  2 adders (D:2)
  3 worms
  A dart slug (D:3)
  A leopard gecko (D:3)
  4 orcs (D:3)
  7 bats
  4 giant cockroaches
  A hobgoblin (D:2)
  6 jackals (D:1)
  2 quokkas
  2 frilled lizards
  3 goblins
  6 kobolds
  8 rats
52 creatures vanquished.

Notes
Turn   | Place    | Note
-------+----------+-------------------------------------------
     0 | D:1      | analogolas the Deep Dwarf Berserker began the quest for the
                  | Orb.
     0 | D:1      | Reached XP level 1. HP: 20/20 MP: 1/1
   177 | D:1      | Reached XP level 2. HP: 24/27 MP: 2/2
   771 | D:2      | Reached ** piety under Trog
   790 | D:2      | Reached XP level 3. HP: 22/33 MP: 3/3
   795 | D:2      | Reached skill level 4 in Axes
   995 | D:2      | Found a burning altar of Makhleb.
  1150 | D:2      | Reached XP level 4. HP: 19/42 MP: 4/4
  1196 | D:2      | Noticed Terence
  1216 | D:2      | Killed Terence
  1446 | D:3      | Found a basalt altar of Yredelemnul.
  1452 | D:3      | Found a sparkling altar of Nemelex Xobeh.
  1662 | D:3      | Found a hide-covered altar of Uskayaw.
  1662 | D:3      | Noticed a +0 dagger
  1662 | D:3      | Noticed a +0 hand axe
  2011 | D:3      | Noticed an ogre
  2023 | D:3      | Slain by an ogre

Levels and vault maps discovered:
D:1:      dpeg_arrival_ternary, layout_basic, serial_bayou_pond_a
D:2:      layout_loops_ring, makhleb_heckhound_becter, uniq_terence
D:3:      layout_loops_corners, dancing_weapons_uskayaw,
          chequers_temple_overflow_statue_of_worship, grunt_ministairs_3

Skill      XL: |  1  2  3  4 |
---------------+-------------+-----
Axes           | 4 |  4.8
Fighting       | 3 |  3.2
Armour         | 3 |  3.1
Polearms       | |  0.6
Dodging        | |  2.8
Stealth        | |  0.2

Action                   |  1- 3 |  4- 6 || total
-------------------------+-------+-------++-------
Melee: Hand axe          |   105 |     2 ||   107
       Trident           |       |    98 ||    98
Throw: Stone             |       |     4 ||     4
 Abil: Heal Wounds       |       |     2 ||     2
  Use: Scroll            |     7 |       ||     7
       Potion            |       |     5 ||     5
  Eat: Ration            |       |     1 ||     1
Armor: Animal skin       |     9 |       ||     9
       Ring mail         |    28 |    40 ||    68
Dodge: Dodged            |    74 |    77 ||   151

Table legend:
 A = Non-vault XP
 B = Vault XP
 C = Vault XP percentage of total XP
 D = Non-vault monster count
 E = Vault monster count
 F = Vault count percentage of total count
                 A         B        C        D         E       F
            +---------+---------+-------+---------+---------+-------
      Total |     114 |      75 |  39.7 |      48 |       4 |   7.7
            +---------+---------+-------+---------+---------+-------
        D:1 |      31 |       0 |   0.0 |      19 |       0 |   0.0
        D:2 |      48 |      72 |  60.0 |      14 |       2 |  12.5
        D:3 |      35 |       3 |   7.9 |      15 |       2 |  11.8
            +---------+---------+-------+---------+---------+-------
